 Dungeon Crawl Stone Soup version 0.16-a0-1295-g5a7e1d0 (webtiles) character file.

121 Consentacles the Changer (level 5, -4/33 HPs)
             Began as an Octopode Transmuter on Oct 14, 2014.
             Slain by araganzar's ghost (11 damage)
             ... on level 4 of the Dungeon.
             The game lasted 00:11:20 (3395 turns).

Consentacles the Changer (Octopode Transmuter)      Turns: 3395, Time: 00:11:20

Health: -4/33      AC:  1    Str:  9    XL:     5   Next: 5%
Magic:  1/9        EV: 12    Int: 16    God:
Gold:   204        SH:  0    Dex: 13    Spells: 3 memorised, 2 levels left

rFire  . . .     SeeInvis .     b - 57 arrows
rCold  . . .     Clarity  .     (no shield)
rNeg   . . .     SustAb   +     (helmet restricted)
rPois  .         Gourm    .     q - amulet of faith
rElec  .         Spirit   .     m - ring of sustain abilities
rCorr  .         Warding  .     (no ring)
rMut   .         Stasis   .     (no ring)
MR     .....                    (no ring)
Stlth  ++........               (no ring)
                                (no ring)
                                (no ring)
                                (no ring)

@: appendage (expiring), not resistant to hostile enchantments, unstealthy
A: almost no armour, amphibious, 8 rings, constrict 8, tentacle spike 3,
camouflage 1, gelatinous body 1
a: End Transformation


You were on level 4 of the Dungeon.
You were very hungry.
One of your tentacles had a temporary spike.
You visited 1 branch of the dungeon, and saw 4 of its levels.

You collected 204 gold pieces.

Inventory:

Missiles
 b - 57 arrows (in tentacle)
Jewellery
 m - a ring of sustain abilities (left tentacle)
 q - an amulet of faith (around mantle)
Magical devices
 j - a wand of invisibility (5)
Scrolls
 e - a scroll of teleportation {unknown}
 f - 2 scrolls of immolation {unknown}
 l - a scroll of fog {unknown}
 n - 2 scrolls of identify
 o - a scroll of remove curse {unknown}
Potions
 i - a potion of poison
 p - a potion of magic
 r - a potion of restore abilities
Books
 d - a book of Changes

   Spells                             Type                      Level
   *Beastly Appendage                 Transmutation                1
   *Sticks to Snakes                  Transmutation                2
   *Spider Form                       Transmutation/Poison         3
   Ice Form                           Ice/Transmutation            4
   Blade Hands                        Transmutation                5
Comestibles
 a - 3 bread rations
 c - 3 meat rations
 g - a beef jerky
 h - 10 fruits
 k - 2 slices of pizza


   Skills:
 - Level 1.0 Fighting
 - Level 2.0 Dodging
 * Level 1.1 Stealth
 - Level 3.0 Unarmed Combat
 - Level 2.0 Spellcasting
 + Level 4.9 Transmutations


You had 2 spell levels left.
You knew the following spells:

 Your Spells              Type           Power        Failure   Level  Hunger
a - Beastly Appendage     Trmt           ###...       3%          1    #......
b - Sticks to Snakes      Trmt           ###.......   6%          2    ###....
c - Spider Form           Trmt/Pois      #.........   28%         3    ####...


Dungeon Overview and Level Annotations

Branches:
Dungeon (4/15)
 Temple: D:4-7

Altars:
Qazlal

Annotations:
D:4 araganzar's ghost, experienced VSTm


Innate Abilities, Weirdness & Mutations

You cannot wear most types of armour.
You are amphibious.
You can wear up to eight rings at the same time.
You can use your tentacles to constrict many enemies at once.
Your skin changes colour to match your surroundings (Stealth).
Your rubbery body absorbs attacks (AC +1).
One of your tentacles bears a large vicious spike.


Message History

Okay, then.
Wield which item (- for none, * to show all)? (? for menu, Esc to quit)
b - 60 arrows (in tentacle)
Casting: Beastly Appendage
Confirm with . or Enter, or press ? or * to list all spells.
You create a snake!
Your adder bites araganzar's ghost.
Your adder barely misses araganzar's ghost.
Your adder barely misses araganzar's ghost.
Your adder withers and dies!
Your adder barely misses araganzar's ghost.
Your adder misses araganzar's ghost.
Casting: Sticks to Snakes
Confirm with . or Enter, or press ? or * to list all spells.
You create some snakes!
Something bites araganzar's ghost.
Your adder bites araganzar's ghost but does no damage.
Your transformation is almost over.
Your adder barely misses araganzar's ghost.
Araganzar's ghost hits you!
You die...

.###................#
#.....W..#
....................#
#W######.#
.#####..............#
#.# #.# .#
#..............# #.#
#.# ##
#...######...### #.#
#.# #...# #...#
#.#### #.# #####
#...# #...%# #W#
###..# ####.# #.#
#.W@.# #.# #.#
#S##.## #.# #.#
#.##..# #.# #.#
#S##..#######.###.##
#S.S..........#....#
#........%...##.#..#
#.........(..##.#..#
#.####..#'#####.####
#.# #..#.# #(#


You could see araganzar's ghost and a friendly adder.

Vanquished Creatures
  A gnoll (D:1)
  An adder (D:1)
  4 worms
  An adder skeleton (D:4)
  A giant gecko (D:1)
  4 oozes
  9 orcs (D:3)
  A ball python (D:1)
  8 bats
  A giant cockroach (D:2)
  5 hobgoblins
  2 jackals (D:1)
  A quokka (D:4)
  6 giant newts
  6 goblins
  2 hobgoblin skeletons (D:4)
  6 kobolds
  8 rats
67 creatures vanquished.

Notes
Turn   | Place    | Note
--------------------------------------------------------------
     0 | D:1      | Consentacles, the Octopode Transmuter, began the quest for the Orb.
     0 | D:1      | Reached XP level 1. HP: 13/13 MP: 3/3
   208 | D:1      | Reached XP level 2. HP: 15/18 MP: 4/4
   797 | D:1      | Reached XP level 3. HP: 8/23 MP: 1/6
  1396 | D:1      | Learned a level 2 spell: Sticks to Snakes
  1472 | D:2      | Learned a level 3 spell: Spider Form
  1512 | D:2      | Reached skill level 4 in Transmutations
  1647 | D:2      | Reached XP level 4. HP: 26/28 MP: 4/7
  1726 | D:2      | Found a stormy altar of Qazlal.
  3226 | D:4      | Reached XP level 5. HP: 31/33 MP: 9/9
  3269 | D:4      | Reached skill level 1 in Stealth
  3293 | D:4      | Noticed araganzar's ghost (experienced VSTm)
  3395 | D:4      | Slain by araganzar's ghost

Action                   |  1- 3 |  4- 6 || total
-------------------------+-------+-------++-------
Melee: Unarmed           |    70 |   122 ||   192
 Cast: Beastly Appendage |     6 |     4 ||    10
       Spider Form       |     2 |       ||     2
       Sticks to Snakes  |       |     7 ||     7
  Use: Potion            |       |     2 ||     2
       Scroll            |       |     2 ||     2
 Stab: Sleeping          |     4 |     3 ||     7
  Eat: Chunk             |     3 |     5 ||     8
